AoeStats
← Kairos

Arabia

508808417Analyzed
1v1 RM · 7d ago on Sep 24, 2026· 29m 57s· 2 players
Game mode
Random Map
Map size
Tiny (2 player)
Population
200
Speed
Normal
Resources
Standard
Victory
Conquest
Starting age
Dark Age
Ending age
Imperial Age
RankedLock teamsTeams togetherTeam positionsShared explorationLock speedFull tech treeHidden civsTurbo modeCheats
Victory
Defeat
🇺🇸 Britons · United States
989
+13
🇦🇺 Wei · Australia
930
-13
GREENEYES
0:58 Loom
10:40 Feudal Age
11:12 Double-Bit Axe
21:05 Castle Age
19:15 Horse Collar
19:49 Stone Mining
20:09 Gold Mining
20:15 Gold Mining
21:12 Town Watch
26:43 Husbandry
28:06 Bloodlines
30:07 Scale Barding Armor
Kairos
6:56 Loom
9:06 Feudal Age
9:40 Double-Bit Axe
12:17 Town Watch
15:47 Fletching
18:32 Horse Collar
23:10 Castle Age
21:58 Wheelbarrow
22:48 Scale Mail Armor
23:19 Crossbowman
23:27 Pikeman
25:22 Squires
26:00 Bow Saw
27:58 Heavy Plow
28:29 Elite Skirmisher
30:43 Forging
Connection lost

Rejoining the realm…

Still unreachable

The connection could not be restored.

Session expired

The server has moved on; the page needs a fresh start.